 Dungeon Crawl Stone Soup version 0.30.1-9-gdf580d7c3d (webtiles) character file.

Game seed: 15378205916151859261

101 leafyfresh the Digger (level 4, -8/27 HPs)
             Began as an Octopode Earth Elementalist on Oct 12, 2023.
             Mangled by an iguana (10 damage)
             ... on level 4 of the Dungeon.
             The game lasted 00:04:59 (2661 turns).

leafyfresh the Digger (Octopode Earth Elementalist) Turns: 2661, Time: 00:05:00

Health: -8/27      AC:  6    Str:  7    XL:     4   Next: 75%
Magic:  6/9        EV: 13    Int: 19    God:
Gold:   243        SH:  0    Dex: 12    Spells: 8/9 levels left

rFire   . . .        j - +3 dagger
rCold   . . .        (no shield)
rNeg    . . .        o - +1 hat
rPois   .            c - amulet of the acrobat
rElec   .            f - ring of flight
rCorr   .            h - +4 ring of protection
SInv    .            (no ring)
Will    .....        (no ring)
Stlth   +++          (no ring)
HPRegen 0.24/turn    (no ring)
MPRegen 0.11/turn    (no ring)
                     (no ring)

%: acrobat
@: flying, very slightly contaminated
A: almost no armour, amphibious, 8 rings, camouflage 1, gelatinous body 1,
(nimble swimmer 1), tentacles
a: no special abilities


You were on level 4 of the Dungeon.
You visited 1 branch of the dungeon, and saw 4 of its levels.

You collected 243 gold pieces.

Inventory:

Hand Weapons
 g - a +0 dagger
 j - a +3 dagger (weapon)
Missiles
 s - a throwing net
Armour
 o - a +1 hat (worn)
Magical Staves
 e - a staff of cold
Jewellery
 c - an amulet of the acrobat (around mantle)
 f - a ring of flight (left tentacle)
 h - a +4 ring of protection (right tentacle)
 k - an amulet of reflection
Wands
 t - a wand of paralysis (7)
Scrolls
 d - 2 scrolls of teleportation {unknown}
 i - a scroll of poison {unknown}
 m - a scroll of identify {unknown}
 p - a scroll of vulnerability {unknown}
 q - a scroll of magic mapping {unknown}
 r - a scroll of fear {unknown}
 v - a scroll of blinking {unknown}
Potions
 a - 2 potions of magic
 b - 6 potions of heal wounds {unknown}
 l - a potion of brilliance {unknown}
 n - a potion of flight {unknown}
 u - a potion of attraction {unknown}


   Skills:
 - Level 2.0 Dodging
 - Level 2.6 Stealth
 + Level 3.4 Spellcasting
 - Level 1.0 Transmutations
 + Level 4.3 Earth Magic


You had 8 spell levels left.
You knew the following spells:

 Your Spells              Type           Power      Damage    Failure   Level
a - Sandblast             Erth           38%        2d10      2%          1

Your spell library contained the following spells:

 Spells                   Type           Power      Damage    Failure   Level
 Passwall                 Tmut/Erth      10%        N/A       8%          2
 Stone Arrow              Conj/Erth      22%        3d8       19%         3
 Petrify                  Tmut/Erth      13%        N/A       43%         4


Dungeon Overview and Level Annotations

Branches:
Dungeon (4/15)
 Temple: D:4-7

Altars:
Fedhas

Annotations:
D:3 Grinder


Innate Abilities, Weirdness & Mutations

You cannot wear most types of armour.
You are amphibious.
You can wear up to eight rings at the same time.
Your skin changes colour to match your surroundings (Stealth+).
Your rubbery body absorbs attacks. (AC +1, EV +1)
((You are camouflaged when in or above water. (Stealth+)))
You have tentacles for arms and can constrict up to eight enemies at once.


Message History

You barely miss the iguana. You grab the iguana. You constrict the iguana.
The iguana bites you!
You hit the iguana.
The iguana is moderately wounded.
You constrict the iguana, but do no damage.
The iguana bites you!
You are too injured to fight recklessly!
Casting: Sandblast (safe; 2% risk of failure)
Confirm with . or Enter, or press ? or * to list all spells.
Aiming: Sandblast (safe; 2% risk of failure)
Press: ? - help, Shift-Dir - straight line, f - iguana
Aim: an iguana (moderately wounded, constricted by you, 100% to hit)
The blast of sand hits the iguana.
The iguana is moderately wounded.
You constrict the iguana, but do no damage.
The iguana bites you.
You release your grip on the iguana.
The iguana attacks as you move away! The iguana bites you!
* * * LOW HITPOINT WARNING * * *
Casting: Sandblast (safe; 2% risk of failure)
Confirm with . or Enter, or press ? or * to list all spells.
Aiming: Sandblast (safe; 2% risk of failure)
Press: ? - help, Shift-Dir - straight line, f/p - iguana
Aim: an iguana (moderately wounded, 84% to hit)
You miscast Sandblast.
You are very lightly contaminated with residual magic.
Nothing appears to happen.
The endoplasm misses you. The iguana barely misses you.
Casting: Sandblast (safe; 2% risk of failure)
Confirm with . or Enter, or press ? or * to list all spells.
Aiming: Sandblast (safe; 2% risk of failure)
Press: ? - help, Shift-Dir - straight line, f/p - iguana
Aim: an iguana (moderately wounded, 84% to hit)
The blast of sand hits the iguana.
The iguana is severely wounded.
The endoplasm hits you but does no damage.
The iguana bites you.
* * * LOW HITPOINT WARNING * * *
The iguana bites you!
You die...

#. .. #. #. #.
#. #####.#####
#.....<...#
#.....@####
#.$..lJ#
#.............
#......#######
#......#
#......#
#......#
#......#
#......#


You could see an iguana and an endoplasm.

Vanquished Creatures
  2 adders
  A worm (D:2)
  2 dart slugs
  An orc (D:3)
  6 endoplasms
  2 giant cockroaches (D:1)
  8 goblins
  6 hobgoblins
  3 jackals (D:2)
  14 kobolds
  3 quokkas
  7 ball pythons
  7 bats
  7 frilled lizards
  4 rats
73 creatures vanquished.

Notes
Turn   | Place    | Note
-------+----------+-------------------------------------------
     0 | D:1      | leafyfresh the Octopode Earth Elementalist began the quest
                  | for the Orb.
     0 | D:1      | Reached XP level 1. HP: 11/11 MP: 3/3
   211 | D:1      | Reached XP level 2. HP: 17/17 MP: 1/5
   567 | D:1      | Reached XP level 3. HP: 20/21 MP: 6/6
  1246 | D:2      | Reached XP level 4. HP: 24/27 MP: 8/8
  1248 | D:2      | Reached skill level 4 in Earth Magic
  1281 | D:2      | Found a blossoming altar of Fedhas.
  2273 | D:3      | Noticed Grinder
  2287 | D:3      | Paralysed by Grinder for 3 turns
  2661 | D:4      | Mangled by an iguana

Illustrated notes

Levels and vault maps discovered:
D:1:      ncdulo_lavacross, layout_basic, hex_intersection,
          minmay_gold_behind_fungi
D:2:      layout_basic, basic_altar, serial_bayou_lagoon_a, minivault_11,
          minmay_box_of_dots
D:3:      layout_basic, minmay_lizard_king, uniq_grinder
D:4:      layout_basic, mainiacjoe_overflow_alcove_1,
          kennysheep_okawaru_gauntlet, old_standard_altar, serial_shops, shop

Skill      XL: |  1  2  3  4 |
---------------+-------------+-----
Spellcasting   | 3 |  3.4
Earth Magic    | 4 |  4.3
Dodging        | |  2.0
Stealth        | |  2.6
Transmutations | |  1.0

Action                     |  1- 3 |  4- 6 || total
---------------------------+-------+-------++-------
  Melee: Unarmed           |    14 |       ||    14
         Constrict         |    21 |     9 ||    30
         Tentacles         |    15 |     3 ||    18
         Dagger            |    64 |    53 ||   117
         Punch             |     1 |       ||     1
   Cast: Sandblast         |    14 |     6 ||    20
   Stab: Sleeping          |     8 |     7 ||    15
 Armour: Skin              |    12 |    15 ||    27
  Dodge: Dodged            |    54 |    42 ||    96
